 Dungeon Crawl Stone Soup version 0.31.0-11-ge490571c62 (console) character file.

Game seed: 12147330164319870739

53 AlterAsc the Chopper (level 4, -2/35 HPs)
             Began as a Formicid Fighter on Feb 10, 2024.
             Slain by a hobgoblin (5 damage)
             ... on level 3 of the Dungeon.
             The game lasted 00:03:33 (1777 turns).

AlterAsc the Chopper (Formicid Fighter)             Turns: 1777, Time: 00:03:33

Health: -2/35      AC:  0    Str: 23    XL:     4   Next: 11%
Magic:  4/4        EV: 17    Int:  7    God:
Gold:   59         SH:  0    Dex: 18    Spells: 3/3 levels left

rFire   . . .        a - melded +0 war axe
rCold   . . .        c - melded +0 buckler
rNeg    . . .        g - melded +0 chain mail
rPois   .            (helmet unavailable)
rElec   .            (cloak currently unavailable)
rCorr   .            (gloves currently unavailable)
SInv    .            (boots currently unavailable)
Will    .....        (no amulet)
Stlth   ++           (ring currently unavailable)
HPRegen 0.25/turn    (ring currently unavailable)
MPRegen 0.09/turn

%: no passive effects
@: mighty, lethally poisoned (-2 -> -5), bat-form, flying, very quick
A: fast, flying, no casting, permanent stasis, dig shafts and tunnels, tiny,
(antennae 3), four strong arms
a: no special abilities


You were on level 3 of the Dungeon.
You were a bat.
You visited 1 branch of the dungeon, and saw 3 of its levels.

You collected 59 gold pieces.

Inventory:

Hand Weapons
 a - a +0 war axe (melded)
Armour
 b - a +0 scale mail
 c - a +0 buckler (melded)
 g - a +0 chain mail (melded)
Scrolls
 f - a scroll of brand weapon {unknown}
 h - a scroll of identify {unknown}
 i - a scroll of silence {unknown}
 j - a scroll of fear {unknown}
 k - a scroll of poison {unknown}
 l - a scroll of vulnerability {unknown}


   Skills:
 - Level 3.2 Fighting
 + Level 4.1 Axes
 - Level 3.2 Armour
 - Level 4.0 Shields


You had 3 spell levels left.
You didn't know any spells.
Your spell library was empty.

Dungeon Overview and Level Annotations

Branches:
Dungeon (3/15)

Altars:
Gozag

Annotations:
D:3 Jessica


Innate Abilities, Weirdness & Mutations

You are a bat.
You are tiny and dextrous.
You move quickly.
You are flying.
Your equipment is almost entirely melded.
You are incapable of wielding weapons or throwing items.
You cannot cast spells.
You cannot be hasted, slowed, berserked, paralysed or teleported.
You can dig through walls and to a lower floor.
((You have a pair of large antennae on your head. (SInv)))
Your four strong arms can wield two-handed weapons with a shield.


Message History

You hit Jessica.
Jessica is heavily wounded.
The hobgoblin closely misses you. Jessica barely misses you.
You hit Jessica but do no damage.
Jessica is heavily wounded.
Jessica casts a spell at you. Pain shoots through your body!
The hobgoblin closely misses you. Jessica barely misses you.
Sorry, you're not good enough to have a special ability.
You feel very mighty all of a sudden. The adder misses you.
The hobgoblin misses you. Jessica completely misses you.
The endoplasm freezes you.
You are frozen.
The adder barely misses you.
You barely miss Jessica.
Jessica is heavily wounded.
Jessica barely misses you. The hobgoblin completely misses you.
The endoplasm completely misses you. The adder closely misses you.
Jessica casts a spell.
Jessica blinks!
You hit the hobgoblin.
The hobgoblin is severely wounded.
The hobgoblin misses you. The adder bites you.
You are poisoned.
The adder poisons you! The endoplasm misses you.
You barely miss the endoplasm.
You feel sick. The adder barely misses you. The hobgoblin misses you.
The endoplasm freezes you.
You are frozen.
* * * LOW HITPOINT WARNING * * *
The rat barely misses you.
You closely miss the adder.
* * * LOW HITPOINT WARNING * * *
You feel sick. The adder misses you. The hobgoblin completely misses you.
The endoplasm freezes you.
You are frozen.
* * * LOW HITPOINT WARNING * * *
The rat closely misses you. The adder closely misses you.
It was a potion of haste.
Your stasis prevents you from being hasted.
* * * LOW HITPOINT WARNING * * *
You feel sick. The hobgoblin hits you.
You die...

.....<. .........#
......... #########
.........####.......#
.........#....#####.###
.....(..##.##.###.....##
........#..##.##.8...8.#
......S...###..#.......#
.....ogb..# ##....._....
......rJ..# ###.......#
[......@.## #.8...8.#
.........# ##.....##
.)......## ######.###.
.......## #......###.
.#....# #...<......
..##. #......####
#.....(# #.......#
#........#


You could see an adder, Jessica (fast), an orc, an endoplasm, a hobgoblin and a
rat.

Vanquished Creatures
  2 dart slugs
  6 bats
  5 endoplasms
  3 giant cockroaches
  3 goblins (D:1)
  4 hobgoblins
  2 jackals (D:1)
  4 quokkas
  6 ball pythons
  3 frilled lizards
  A kobold (D:2)
  4 rats
43 creatures vanquished.

Notes
Turn   | Place    | Note
-------+----------+-------------------------------------------
     0 | D:1      | AlterAsc the Formicid Fighter began the quest for the Orb.
     0 | D:1      | Reached XP level 1. HP: 18/18 MP: 1/1
   161 | D:1      | Reached XP level 2. HP: 7/24 MP: 2/2
   334 | D:1      | Reached XP level 3. HP: 18/29 MP: 3/3
  1421 | D:2      | Reached XP level 4. HP: 34/35 MP: 4/4
  1737 | D:3      | Found an opulent altar of Gozag.
  1762 | D:3      | Noticed Jessica
  1777 | D:3      | Slain by a hobgoblin

Illustrated notes

Levels and vault maps discovered:
D:1:      dpeg_arrival_arbitrary_b, layout_loops_ring, minmay_misc_feat_cross
D:2:      layout_loops_ring, nrook_campfire, grunt_decor_cap
D:3:      layout_rooms, grunt_gozag_statues, mainiacjoe_overflow_alcove_2,
          lemuel_round_altar, shapermc_ecumenical_altar_mp_highgroup,
          ebering_ghost_sewer_d, uniq_jessica

Skill      XL: |  1  2  3 |
---------------+----------+-----
Axes           | 3 4 |  4.1
Fighting       | |  3.2
Armour         | |  3.2
Shields        | |  4.0

Action                     |  1- 3 |  4- 6 || total
---------------------------+-------+-------++-------
  Melee: War axe           |   114 |     8 ||   122
         Unarmed           |       |     9 ||     9
    Use: Potion            |       |     2 ||     2
 Armour: Scale mail        |    41 |       ||    41
         Chain mail        |    42 |     9 ||    51
         Skin              |       |     4 ||     4
  Dodge: Dodged            |    56 |    27 ||    83
  Block: Buckler           |    33 |     1 ||    34
